 Dungeon Sprint DCSS version 0.30.1-9-gdf580d7c3d (webtiles) character file.

Game seed: 13146340707651594652

781 Heoruswealwe the Spear-Bearer (level 7, -8/73 HPs)
             Began as a Minotaur Fighter on Oct 4, 2023.
             Was an Initiate of Gozag.
             Mangled by a two-headed ogre
             ... wielding a +0 giant club
              (21 damage)
             ... in the Dungeon (Sprint IX: "|||||||||||||||||||||||||||||").
             The game lasted 00:03:11 (297 turns).

Heoruswealwe the Spear-Bearer (Minotaur Fighter)     Turns: 297, Time: 00:03:11

Health: -8/73      AC: 11    Str: 23    XL:     7   Next: 55%
Magic:  6/6        EV: 14    Int:  5    God:    Gozag
Gold:   0          SH:  0    Dex:  9    Spells: 6/6 levels left

rFire   . . .        b - +2 halberd (venom)
rCold   . . .        (shield currently unavailable)
rNeg    . . .        c - +1 scale mail
rPois   .            (helmet restricted)
rElec   .            h - +0 cloak
rCorr   .            (no gloves)
SInv    .            (no boots)
Will    .....        (no amulet) Stlth
                     k - +2 ring of evasion
HPRegen 0.32/turn    j - +2 ring of evasion
MPRegen 0.10/turn

%: no teleportation
@: gold aura
A: horns 2, retaliatory headbutt
a: Renounce Religion, Potion Petition, Call Merchant, Bribe Branch


You were in the Dungeon.
You worshipped Gozag.
Gozag was noncommittal.
You visited 1 branch

Inventory:

Hand Weapons
 a - a +0 trident
 b - a +2 halberd of venom (weapon)
Armour
 c - a +1 scale mail (worn)
 d - a +0 buckler
 h - a +0 cloak (worn)
Jewellery
 j - a +2 ring of evasion (right hand)
 k - a +2 ring of evasion (left hand)
Wands
 l - a wand of roots (10)
Scrolls
 n - 2 scrolls of blinking
Potions
 f - 3 potions of curing
 g - a potion of haste
 i - a potion of berserk rage
 m - a potion of might


   Skills:
 + Level 10.6 Fighting
 * Level 14.1 Polearms
 + Level 10.6 Armour
 - Level 3.6 Shields


You had 6 spell levels left.
You didn't know any spells.
Your spell library was empty.

Dungeon Overview and Level Annotations

Branches:
Dungeon (1/1)

Altars:
Cheibriados
Dithmenos
Elyvilon
Fedhas
Gozag
Hepliaklqana
Kikubaaqudgha
Makhleb
Nemelex Xobeh
Okawaru
Qazlal
Ru
Sif Muna
Trog
Uskayaw
Vehumet
Wu Jian
Xom
Yredelemnul
Zin
The Shining One
Jiyva
Lugonu


Innate Abilities, Weirdness & Mutations

You have a pair of horns on your head.
You reflexively headbutt those who attack you in melee.


Message History

Ouch! That really hurt!
* * * LOW HITPOINT WARNING * * *
The two-headed ogre hits you but does no damage.
You feel much better.
You are engulfed in a cloud of scalding steam.
The two-headed ogre closely misses you. The two-headed ogre barely misses you.
You hit the two-headed ogre. You headbutt the two-headed ogre!
The two-headed ogre is severely wounded.
You slice the two-headed ogre!!
The two-headed ogre looks as sick as possible!
The two-headed ogre is almost dead.
You kill the two-headed ogre!
Your Fighting skill gained 2 levels and is now at level 10!
Your Polearms skill gained 4 levels and is now at level 14!
Your Armour skill gained 2 levels and is now at level 10!
You have reached level 6!
You have reached level 7!
You slice the two-headed ogre!!
The two-headed ogre looks as sick as possible!
The two-headed ogre is heavily wounded.
The two-headed ogre hits you with a +0 giant club!!
* * * LOW HITPOINT WARNING * * *
The two-headed ogre closely misses you.
You feel much better.
The two-headed ogre hits you with a +0 giant club! x2
* * * LOW HITPOINT WARNING * * *
You barely miss the two-headed ogre.
The two-headed ogre is heavily wounded.
You closely miss the two-headed ogre.
The two-headed ogre is severely wounded.
The two-headed ogre hits you with a +0 giant club!
* * * LOW HITPOINT WARNING * * *
The two-headed ogre hits you but does no damage.
You feel better.
You hit the two-headed ogre.
The two-headed ogre looks as sick as possible!
The two-headed ogre is severely wounded.
The two-headed ogre hits you with a +0 giant club!!
You die...
Your body crumbles into a pile of gold. $$$$$$ $$$$$ $ $ $ $$$$$ $ ▓▓▓▓▓▓▓▓▓▓▓▓▓▓▓▓▓▓▓▓▓▓▓▓ _______'!?).[[..@OcyY... ▓▓▓▓▓▓▓▓▓▓▓▓▓▓▓▓▓▓▓▓▓▓▓▓

You could see a two-headed ogre (extremely poisoned), a yak, a vampire mosquito and a centaur.

Vanquished Creatures
  A two-headed ogre (D)
  A steam dragon (D)
  A howler monkey (D)
  2 iguanas (D)
  An adder (D)
  A dart slug (D)
  An orc (D)
  An endoplasm (D)
  A giant cockroach (D)
  2 kobolds (D)
12 creatures vanquished.

Notes
Turn   | Place    | Note
-------+----------+-------------------------------------------
     0 | D        | Heoruswealwe the Minotaur Fighter began the quest for the
                  | Orb.
     0 | D        | Reached XP level 1. HP: 19/19 MP: 0/0
     7 | D        | Reached skill level 3 in Polearms
    15 | D        | Reached skill level 4 in Polearms
    16 | D        | Reached XP level 2. HP: 28/28 MP: 1/1
    22 | D        | Noticed a howler monkey
    35 | D        | Reached skill level 5 in Fighting
    35 | D        | Reached skill level 6 in Polearms
    35 | D        | Reached skill level 5 in Armour
    35 | D        | Reached XP level 3. HP: 16/36 MP: 2/2
    51 | D        | Reached skill level 7 in Polearms
    51 | D        | Reached XP level 4. HP: 3/44 MP: 3/3
    57 | D        | Reached skill level 8 in Polearms
   190 | D        | Found a snail-covered altar of Cheibriados.
   190 | D        | Found a shadowy altar of Dithmenos.
   190 | D        | Found a white marble altar of Elyvilon.
   190 | D        | Found a blossoming altar of Fedhas.
   190 | D        | Found an opulent altar of Gozag.
   191 | D        | Found a hazy altar of Hepliaklqana.
   192 | D        | Found a viscous altar of Jiyva.
   193 | D        | Found an ancient bone altar of Kikubaaqudgha.
   194 | D        | Found a corrupted altar of Lugonu.
   195 | D        | Found a burning altar of Makhleb.
   196 | D        | Found a sparkling altar of Nemelex Xobeh.
   197 | D        | Found an iron altar of Okawaru.
   198 | D        | Became a worshipper of Gozag Ym Sagoz the Greedy
   199 | D        | Found a stormy altar of Qazlal.
   200 | D        | Found a sacrificial altar of Ru.
   201 | D        | Found a shimmering blue altar of Sif Muna.
   202 | D        | Found a bloodstained altar of Trog.
   203 | D        | Found a hide-covered altar of Uskayaw.
   204 | D        | Found a radiant altar of Vehumet.
   205 | D        | Found an ornate altar of the Wu Jian Council.
   206 | D        | Found a shimmering altar of Xom.
   207 | D        | Found a basalt altar of Yredelemnul.
   208 | D        | Found a glowing silver altar of Zin.
   209 | D        | Found a glowing golden altar of the Shining One.
   283 | D        | Noticed a steam dragon
   283 | D        | Noticed a centaur
   283 | D        | Noticed a two-headed ogre
   283 | D        | Noticed a two-headed ogre
   283 | D        | Noticed a vampire mosquito
   283 | D        | Noticed a yak
   287 | D        | Killed a steam dragon
   288 | D        | Reached skill level 10 in Polearms
   288 | D        | Reached XP level 5. HP: 39/53 MP: 4/4
   291 | D        | Killed a two-headed ogre
   292 | D        | Reached skill level 10 in Fighting
   292 | D        | Reached skill level 14 in Polearms
   292 | D        | Reached skill level 10 in Armour
   292 | D        | Reached XP level 6. HP: 43/67 MP: 5/5
   292 | D        | Reached XP level 7. HP: 47/73 MP: 6/6
   297 | D        | Mangled by a two-headed ogre

Illustrated notes

Levels and vault maps discovered:
D:        linesprint [early_d, line_temple, items_1, d_10, items_2, lair_1,
          lair_end, items_3, orc_1, orc_end, items_4, d_15, swamp_1, shoals_1,
          snake_1, spider_1, d_20, vaults_1, items_5, swamp_end, shoals_end,
          snake_end, spider_end, vaults_end, d_27, items_6, zot_1, zot_end,
          crypt_end, forest_end, elf_end, slime_end, tomb_end, abyss_end,
          pan_hell_end]

Skill      XL: |  1  2  3  4  5 |
---------------+----------------+-----
Polearms       | 4 6 7 10 14 | 14.1
Fighting       | 4 5 6 8 10 | 10.6
Armour         | 4 5 6 8 10 | 10.6
Shields        | |  3.6

Action                     |  1- 3 |  4- 6 |  7- 9 || total
---------------------------+-------+-------+-------++-------
  Melee: Trident           |    37 |     5 |       ||    42
         Headbutt          |     5 |     2 |       ||     7
         Halberd           |       |     7 |     4 ||    11
    Use: Potion            |     1 |     2 |     2 ||     5
 Armour: Scale mail        |     8 |     4 |     1 ||    13
  Dodge: Dodged            |    10 |     6 |     1 ||    17
  Block: Buckler           |     8 |       |       ||     8
